 Dungeon Crawl Stone Soup version 0.28-a0-773-g130ae17fe5 (webtiles) character file.

Game seed: 4662384438343943795

391 bande the Covered (level 6, 0/39 HPs)
             Began as a Gargoyle Fighter on Nov 1, 2021.
             Was an Initiate of Okawaru.
             Slain by a killer bee (5 damage)
             ... on level 4 of the Dungeon.
             The game lasted 00:06:16 (4627 turns).

bande the Covered (Gargoyle Fighter)                Turns: 4627, Time: 00:06:17

Health: 0/39       AC: 11    Str: 21    XL:     6   Next: 80%
Magic:  6/6        EV:  9    Int:  8    God:    Okawaru [......]
Gold:   1245       SH:  4    Dex: 10    Spells: 5/5 levels left

rFire   . . .      SeeInvis +   a - +0 war axe
rCold   + . .      Faith    .   c - +0 buckler
rNeg    + . .      Spirit   .   b - +0 scale mail
rPois   ∞          Reflect  .   (no helmet)
rElec   +          Harm     .   (no cloak)
rCorr   .          Rampage  .   (no gloves)
Will    .....                   (no boots)
Stlth   ..........              (no amulet)
HPRegen 0.13/turn               g - ring of see invisible
MPRegen 0.10/turn               m - ring of protection from cold

@: studying Armour
A: sickness immunity, AC +4, negative energy resistance 1, electricity
resistance, torment resistance 1, petrification resistance
a: Renounce Religion


You were on level 4 of the Dungeon.
You worshipped Okawaru.
Okawaru was noncommittal.
You visited 2 branches of the dungeon, and saw 6 of its levels.

You collected 1245 gold pieces.

Inventory:

Hand Weapons
 a - a +0 war axe (weapon)
Missiles
 j - a throwing net (quivered)
Armour
 b - a +0 scale mail (worn)
 c - a +0 buckler (worn)
Jewellery
 g - a ring of see invisible (left hand)
 m - a ring of protection from cold (right hand)
Wands
 f - a wand of charming (6)
Scrolls
 n - 2 scrolls of identify
 o - a scroll of amnesia
Potions
 d - 2 potions of might
 e - 2 potions of haste
 h - a potion of attraction {unknown}
 i - a potion of degeneration {unknown}
 k - a potion of curing
 l - a potion of berserk rage {unknown}
 p - a potion of magic {unknown}


   Skills:
 + Level 4.3 Fighting
 + Level 4.4 Axes
 + Level 5.2 Armour
 + Level 4.0 Shields
 * Level 1.4 Evocations


You had 5 spell levels left.
You didn't know any spells.
Your spell library contained the following spells:

 Spells                   Type           Power      Damage    Failure   Level
 Apportation              Tloc           0%         N/A       73%         1
 Alistair's Intoxication  Tmut/Pois      0%         N/A       100%        5
 Invisibility             Hex            0%         N/A       100%        6


Dungeon Overview and Level Annotations

Branches:
Dungeon (5/15)             Temple (1/1) D:4

Altars:
Dithmenos
Fedhas
Gozag
Hepliaklqana
Kikubaaqudgha
Okawaru
Vehumet
Wu Jian
Xom
Yredelemnul
Zin
The Shining One


Innate Abilities, Weirdness & Mutations

You are immune to sickness and miasma.
Your stone body is resilient. (AC +4)
You are immune to poison.
You resist negative energy. (rN+)
You are resistant to electric shocks. (rElec)
You are resistant to unholy torment.
You are immune to petrification.


Message History

The killer bee barely misses you. The killer bee stings you.
* * * LOW HITPOINT WARNING * * *
The hound stops to sniff the ground.
The killer bee stings you.
* * * LOW HITPOINT WARNING * * *
The killer bee barely misses you.
There is a stone staircase leading up here.
The killer bee stings you.
* * * LOW HITPOINT WARNING * * *
The killer bee closely misses you.
You climb upwards.
There is a stone staircase leading down here.
It was a potion of curing.
You feel better.
The killer bee stings you but does no damage.
The killer bee stings you.
* * * LOW HITPOINT WARNING * * *
You slash the killer bee!
The killer bee is severely wounded.
The killer bee stings you but does no damage. x2
The killer bee stings you.
* * * LOW HITPOINT WARNING * * *
You miss the killer bee.
The killer bee is severely wounded.
The killer bee closely misses you. The killer bee stings you.
* * * LOW HITPOINT WARNING * * *
You miss the killer bee.
The killer bee is severely wounded.
The killer bee stings you.
* * * LOW HITPOINT WARNING * * *
The killer bee stings you but does no damage.
You block the killer bee's attack.
You feel better. The killer bee stings you.
* * * LOW HITPOINT WARNING * * *
The killer bee stings you.
* * * LOW HITPOINT WARNING * * *
You hit the killer bee but do no damage.
The killer bee is severely wounded.
The killer bee barely misses you. The killer bee stings you.
You die...

.####......#######......#########
....####.........(....>.##.......
........................##.......
##.....).)..............##.......
#.####)................##.......
#.# ##.)..............##(......
##.# #.........................
...# ######.#..y..#######.......
.### ##........#@....## #.......
######..##...###..##..####.......
.......##....# ##.......#########
#########.#.## ######.....######
###...# ###......... ###...###
####....#..
#####...###############.......#..
...##...####.....#......#######..
..........#.............## #..


You could see a killer bee.

Vanquished Creatures
  A black bear (D:4)
  A phantom (D:4)
  An iguana (D:4)
  An orc wizard (D:4)
  A hound skeleton (D:4)
  2 gnolls (D:1)
  6 adders
  An adder skeleton (D:4)
  A worm (D:2)
  4 dart slugs
  3 orcs
  3 ball pythons
  10 endoplasms
  2 giant cockroaches
  4 goblins
  5 hobgoblins
  6 quokkas
  10 bats
  3 frilled lizards
  6 kobolds
  10 rats
81 creatures vanquished.

Notes
Turn   | Place    | Note
-------+----------+-------------------------------------------
     0 | D:1      | bande the Gargoyle Fighter began the quest for the Orb.
     0 | D:1      | Reached XP level 1. HP: 14/14 MP: 1/1
   361 | D:1      | Reached XP level 2. HP: 19/19 MP: 2/2
   567 | D:1      | Reached XP level 3. HP: 23/23 MP: 3/3
  1306 | D:2      | Reached XP level 4. HP: 29/29 MP: 4/4
  1306 | D:2      | Found a faded altar of an unknown god.
  1580 | D:2      | Identified a scroll of acquirement
  1580 | D:2      | Acquired a manual of Armour
  2383 | D:3      | Reached skill level 4 in Armour
  2492 | D:3      | Acquired 1038 gold pieces
  2578 | D:3      | Reached XP level 5. HP: 33/33 MP: 5/5
  2866 | D:4      | Noticed a black bear
  2877 | D:4      | Killed a black bear
  2878 | D:4      | Reached skill level 1 in Evocations
  2878 | D:4      | Reached XP level 6. HP: 15/38 MP: 6/6
  3525 | D:4      | Reached skill level 5 in Armour
  3994 | D:4      | Found a staircase to the Ecumenical Temple.
  4076 | Temple   | Entered the Ecumenical Temple
  4533 | D:4      | Found an iron altar of Okawaru.
  4543 | D:4      | Became a worshipper of Warmaster Okawaru
  4598 | D:5      | Entered Level 5 of the Dungeon
  4627 | D:4      | Slain by a killer bee

Illustrated notes

Levels and vault maps discovered:
D:1:      lightli_arrival_maybe_door_vault, layout_loops_corners,
          serial_bayou_pond_d, st_stairs_4
D:2:      layout_rooms, chequers_ecumenical_altar_simple_redux
D:3:      layout_rooms, minmay_stone_trees_small, minmay_pentomino_pile
D:4:      layout_rooms, marbit_many_paths, minmay_temple_entry_butterflies
D:5:      wad_crossroads, layout_basic, nicolae_sif_muna_condensation,
          minmay_misc_feat_alley, kennysheep_dice, uniq_blork_the_orc,
          uniq_menkaure
Temple:   minmay_temple_curvy_loop

Skill      XL: |  1  2  3  4  5  6 |
---------------+-------------------+-----
Axes           | 2 3 4 |  4.4
Fighting       | 4 |  4.3
Armour         | 4 5 |  5.2
Evocations     | 1 |  1.4
Shields        | 4 |  4.0

Action                   |  1- 3 |  4- 6 || total
-------------------------+-------+-------++-------
Melee: War axe           |    92 |   186 ||   278
  Use: Scroll            |       |    10 ||    10
       Potion            |       |     2 ||     2
Armor: Scale mail        |    56 |   122 ||   178
Dodge: Dodged            |    43 |   126 ||   169
Block: Buckler           |    19 |    40 ||    59

Table legend: (Time is in decaauts)
 A = Elapsed time spent in this place.
 B = Non-inter-level travel time spent in this place.
 C = Inter-level travel time spent in this place.
 D = Time resting spent in this place.
 E = Time spent auto-exploring this place.
 F = Levels seen in this place.
 G = Mean time per level.
                   A        B        C        D        E       F      G
               +--------+--------+--------+--------+--------+-----+--------+
         Total |   4725 |   4676 |     49 |    786 |   3022 |   6 |  787.5 |
       Dungeon |   4444 |   4395 |     49 |    786 |   2825 |   5 |  888.8 |
        Temple |    280 |    280 |      0 |      0 |    197 |   1 |  280.0 |
               +--------+--------+--------+--------+--------+-----+--------+

Top non-repeatable levels by time:
     D:4: 1549 daAuts
     D:1: 1352 daAuts
     D:2: 835 daAuts
     D:3: 684 daAuts
  Temple: 280 daAuts
     D:5: 23 daAuts
